 Dungeon Crawl Stone Soup version 0.31-a0-549-gf98fd537a9 (webtiles) character file.

Game seed: 15514492838364410902

37 AdnanSaban the Trooper (level 3, -6/24 HPs)
             Began as a Gargoyle Fighter on Aug 16, 2023.
             Killed by divine providence
             ... invoked by an orc priest
              (17 damage)
             ... on level 3 of the Dungeon.
             The game lasted 00:00:40 (775 turns).

AdnanSaban the Trooper (Gargoyle Fighter)            Turns: 775, Time: 00:00:40

Health: -6/24      AC: 10    Str: 21    XL:     3   Next: 39%
Magic:  3/3        EV:  9    Int:  8    God:
Gold:   63         SH:  4    Dex:  9    Spells: 2/2 levels left

rFire   . . .        a - +0 flail
rCold   . . .        c - +0 buckler
rNeg    + . .        b - +0 scale mail
rPois   ∞            (no helmet)
rElec   +            (no cloak)
rCorr   .            (no gloves)
SInv    .            (no boots)
Will    .....        (no amulet) Stlth
                     (no ring)
HPRegen 0.24/turn    (no ring)
MPRegen 0.08/turn

%: no passive effects
@: no status effects
A: sickness immunity, AC +3, negative energy resistance 1, electricity
resistance, torment resistance 1, petrification resistance
a: no special abilities


You were on level 3 of the Dungeon.
You visited 1 branch of the dungeon, and saw 3 of its levels.

You collected 63 gold pieces.

Inventory:

Hand Weapons
 a - a +0 flail (weapon)
Armour
 b - a +0 scale mail (worn)
 c - a +0 buckler (worn)
Scrolls
 e - a scroll of blinking {unknown}
 g - a scroll of identify {unknown}
 h - a scroll of fear {unknown}
Potions
 d - a potion of might
 f - a potion of cancellation {unknown}
 i - a potion of invisibility {unknown}


   Skills:
 + Level 4.0 Fighting
 + Level 2.2 Maces & Flails
 + Level 3.8 Armour
 + Level 3.4 Shields


You had 2 spell levels left.
You didn't know any spells.
Your spell library was empty.

Dungeon Overview and Level Annotations

Branches:
Dungeon (2/15)

Altars:

Shops:
D:1 (:


Innate Abilities, Weirdness & Mutations

You are immune to sickness and miasma.
Your stone body is resilient. (AC +3)
You are immune to poison.
You resist negative energy. (rN+)
You are resistant to electric shocks. (rElec)
You are resistant to unholy torment.
You are immune to petrification.


Message History

The orc priest looks satisfied for a moment.
The orc hits you but does no damage.
You barely miss the orc. The orc hits you but does no damage.
The orc priest looks encouraged for a moment.
The orc barely misses you.
You closely miss the orc. The orc hits you but does no damage.
You barely miss the orc. The orc hits you but does no damage.
The orc priest mumbles some strange prayers to Beogh against you.
Beogh smites you!
Ouch! That really hurt!
You are too injured to fight recklessly!
You are too injured to fight recklessly!
You are too injured to fight recklessly!
You are too injured to fight recklessly!
You are too injured to fight recklessly!
You are too injured to fight recklessly!
You are too injured to fight recklessly!
You are too injured to fight recklessly!
You are too injured to fight recklessly!
You are too injured to fight recklessly!
You are too injured to fight recklessly!
You are too injured to fight recklessly!
You are too injured to fight recklessly!
You are too injured to fight recklessly!
You are too injured to fight recklessly!
You are too injured to fight recklessly!
You are too injured to fight recklessly!
You are too injured to fight recklessly!
You are too injured to fight recklessly!
You are too injured to fight recklessly!
You hit the orc.
The orc is severely wounded.
The orc hits you but does no damage. The orc barely misses you.
Unknown command.
You closely miss the orc.
The orc is severely wounded.
The orc priest calls down the wrath of Beogh upon you.
Beogh smites you!
Ouch! That really hurt!
You die...

##########
#..ooo@..#
#.######.#
#.# #.#
#.# #.#
#.# #.#
#.#


You could see 2 orc priests and an orc.

Vanquished Creatures
  A worm (D:2)
  2 dart slugs
  2 orcs (D:3)
  5 ball pythons
  A bat (D:1)
  5 goblins (D:1)
  3 hobgoblins
  4 quokkas
  A kobold (D:1)
  2 rats (D:1)
26 creatures vanquished.

Notes
Turn   | Place    | Note
-------+----------+-------------------------------------------
     0 | D:1      | AdnanSaban the Gargoyle Fighter began the quest for the
                  | Orb.
     0 | D:1      | Reached XP level 1. HP: 14/14 MP: 1/1
    65 | D:1      | Found Xaass's Vocational Training.
   107 | D:1      | Found Venixzok's Weapon Emporium.
   154 | D:1      | Reached XP level 2. HP: 15/19 MP: 2/2
   317 | D:1      | Noticed an eye of devastation
   335 | D:1      | Found a faded altar of an unknown god.
   339 | D:1      | Noticed a shining eye
   339 | D:1      | Noticed a golden eye
   339 | D:1      | Noticed an eye of devastation
   620 | D:2      | Reached XP level 3. HP: 22/24 MP: 3/3
   725 | D:2      | Reached skill level 4 in Fighting
   758 | D:2      | You fall into a shaft and drop 1 floor!
   775 | D:3      | Killed from afar by an orc priest

Illustrated notes

Levels and vault maps discovered:
D:1:      saegor_arrival_simple_d, layout_loops_ring,
          hellmonk_ecumenical_altar_watching_god, serial_shops,
          nicolae_shop_stone, glass_columns_a, dreamdust_mushroom_princess,
          nicolae_shop_vocational
D:2:      layout_rooms, serial_shops, shop
D:3:      layout_basic, gup_sewer_entry_spiral, minmay_fractal_squares_gapless_5

Skill      XL: |  1  2  3 |
---------------+----------+-----
Fighting       | 4 |  4.0
Maces & Flails | |  2.2
Armour         | |  3.8
Shields        | |  3.4

Action                     || total
---------------------------++-------
  Melee: Flail             ||    93
 Armour: Scale mail        ||    48
  Dodge: Dodged            ||    48
  Block: Buckler           ||    16

Table legend: (Time is in decaauts)
 A = Elapsed time spent in this place.
 B = Non-inter-level travel time spent in this place.
 C = Inter-level travel time spent in this place.
 D = Time resting spent in this place.
 E = Time spent auto-exploring this place.
 F = Levels seen in this place.
 G = Mean time per level.
                   A        B        C        D        E       F      G
               +--------+--------+--------+--------+--------+-----+--------+
         Total |    805 |    788 |     17 |      0 |    592 |   3 |  268.3 |
       Dungeon |    805 |    788 |     17 |      0 |    592 |   3 |  268.3 |
               +--------+--------+--------+--------+--------+-----+--------+

Top non-repeatable levels by time:
     D:1: 609 daAuts
     D:2: 176 daAuts
     D:3: 19 daAuts
